[Event "Titled Tuesday Blitz December 06 Late 2022"]
[White "Moksh Amit Doshi"]
[Black "Alex_Sahakyan2006"]
[WhiteFideId "25064967"]
[WhiteElo "2297"]
[BlackElo "2632"]
[Result "0-1"]
[Round "08"]
[TimeControl "180+1"]
[Date "2022.12.07"]
[WhiteClock "0:00:49"]
[BlackClock "0:00:55"]

1. d4 g6 2. e4 Bg7 3. Nf3 c6 4. Nc3 d6 5. h3 Nd7 6. Be3 b5 7. Bd3 Rb8 8. Qd2 Nb6 9. O-O-O b4 10. Ne2 d5 11. e5 Nc4 12. Bxc4 dxc4 13. c3 Qa5 14. Kb1 Bf5+ 15. Ka1 Rb6 16. a3 bxa3 17. bxa3 Rb3 18. Nc1 Rb1+ 19. Ka2 Qa4 20. d5 Qb3+ 21. Nxb3 cxb3# 0-1


[Site "https://www.chess.com"]

[Event "Titled Tuesday Blitz December 06 Late 2022"]
[White "Oro, Faustino"]
[Black "Mahdavi, Reza"]
[WhiteFideId "20000197"]
[BlackFideId "12595926"]
[WhiteElo "1984"]
[BlackElo "2242"]
[Result "0-1"]
[Round "08"]
[TimeControl "180+1"]
[Date "2022.12.06"]
[WhiteClock "0:00:02"]
[BlackClock "0:00:07"]

1. e4 c5 2. Nf3 e6 3. d4 cxd4 4. Nxd4 Nc6 5. Nc3 Qc7 6. Be3 a6 7. Qf3 Nf6 8. O-O-O Be7 9. Be2 d6 10. Qg3 Bd7 11. f4 Nxd4 12. Bxd4 b5 13. e5 dxe5 14. Bxe5 Qd8 15. Bf3 Rc8 16. Qxg7 Rg8 17. Qh6 Rg6 18. Qh3 b4 19. Ne4 Nd5 20. Qxh7 Ba4 21. b3 Bc6 22. Qh8+ Kd7 23. Qxd8+ Bxd8 24. f5 Rh6 25. Nc5+ Ke8 26. fxe6 fxe6 27. Rhe1 Bg5+ 28. Kb2 Ne3 29. Rxe3 Bxe3 30. Nxa6 Bxf3 31. gxf3 Rh5 32. Bg3 Ke7 33. Nxb4 Rb5 34. Nd3 Bd4+ 35. Kb1 Bc3 36. a4 Ra8 37. Nc1 Rxa4 38. Na2 Bf6 39. Bd6+ Kf7 40. c4 Rxb3+ 41. Kc2 Rb2+ 0-1


[Site "https://www.chess.com"]

[Event "Titled Tuesday Blitz December 06 Late 2022"]
[White "Osmonbekov, Talaibek"]
[Black "Joubert, Dantelle"]
[WhiteFideId "2017253"]
[BlackFideId "14310813"]
[WhiteElo "2135"]
[BlackElo "1507"]
[Result "0-1"]
[Round "08"]
[TimeControl "180+1"]
[Date "2022.12.07"]
[WhiteClock "0:00:02"]
[BlackClock "0:00:19"]

1. d4 d5 2. Bf4 Nf6 3. Nc3 c6 4. e3 Bf5 5. f3 Qa5 6. g4 Bg6 7. h4 h5 8. g5 Nfd7 9. Bd3 Bxd3 10. Qxd3 e6 11. O-O-O Bb4 12. Nge2 g6 13. e4 Na6 14. exd5 cxd5 15. Kb1 Rc8 16. Nb5 O-O 17. c3 Be7 18. Bd6 Bxd6 19. Nxd6 Rc7 20. Nf4 Qb6 21. Nb5 Kg7 22. Nxc7 Nxc7 23. Rhe1 a5 24. Qd2 a4 25. Nd3 Nb5 26. Ne5 Nxe5 27. dxe5 Rc8 28. Rc1 Rc4 29. Rh1 Qc5 30. Ka1 a3 31. b3 Rxc3 32. Rxc3 Nxc3 33. Rc1 d4 0-1


[Site "https://www.chess.com"]

[Event "Titled Tuesday Blitz December 06 Late 2022"]
[White "Pakleza, Zbigniew"]
[Black "Ezat, Mohamed"]
[WhiteFideId "1119290"]
[BlackFideId "10600906"]
[WhiteElo "2410"]
[BlackElo "2388"]
[Result "1-0"]
[Round "08"]
[TimeControl "180+1"]
[Date "2022.12.06"]
[WhiteClock "0:00:06"]
[BlackClock "0:00:05"]

1. d4 Nf6 2. Nf3 g6 3. Bf4 Bg7 4. e3 O-O 5. Be2 d6 6. h3 b6 7. O-O Bb7 8. c3 Nbd7 9. Nbd2 Qe8 10. Bh2 e5 11. a4 a5 12. Qb3 Qe7 13. Rfd1 Ne4 14. Nxe4 Bxe4 15. Nd2 Bb7 16. Bf3 e4 17. Be2 Kh8 18. Rac1 f5 19. c4 g5 20. c5 dxc5 21. dxc5 Nxc5 22. Qa3 f4 23. Bb5 Rad8 24. Nf1 Qe5 25. b4 axb4 26. Qxb4 Qb2 27. Qxb2 Bxb2 28. Rb1 Be5 29. Nd2 Bd6 30. Nc4 fxe3 31. Nxd6 exf2+ 32. Kf1 cxd6 33. Bxd6 e3 34. Be5+ Kg8 35. Bc4+ Bd5 36. Rxd5 Ne6 37. Rxd8 Rxd8 38. Bxe6+ Kf8 39. Bg4 Rd2 40. Bc3 Rc2 41. Bd4 1-0


[Site "https://www.chess.com"]

[Event "Titled Tuesday Blitz December 06 Late 2022"]
[White "Paravyan, David"]
[Black "Ibarra Jerez, Jose Carlos"]
[WhiteFideId "4194985"]
[BlackFideId "2226332"]
[WhiteElo "2551"]
[BlackElo "2638"]
[Result "1-0"]
[Round "08"]
[TimeControl "180+1"]
[Date "2022.12.06"]
[WhiteClock "0:00:07"]
[BlackClock "0:00:07"]

1. e4 c5 2. Nf3 Nc6 3. Nc3 g6 4. d4 cxd4 5. Nxd4 Bg7 6. Be3 Nf6 7. Bc4 O-O 8. Bb3 Re8 9. Nxc6 dxc6 10. Qxd8 Rxd8 11. a4 Ng4 12. Bg5 h6 13. Bxe7 Re8 14. Ba3 Bxc3+ 15. bxc3 Rxe4+ 16. Kf1 Nf6 17. f3 Re8 18. Kf2 Be6 19. Rhd1 Bxb3 20. cxb3 Nd5 21. c4 Nf4 22. Rd2 Rad8 23. Rad1 Ne6 24. Bd6 f5 25. b4 Kf7 26. h4 Rd7 27. Be5 Rxd2+ 28. Rxd2 Nf8 29. Bf4 Kg7 30. Be3 a6 31. Bc5 Kf6 32. Bxf8 Rxf8 33. Rd6+ Kg7 34. Ke3 Rf6 35. Rd7+ Rf7 36. Rxf7+ Kxf7 37. Kd4 Ke6 38. Kc5 Kd7 39. Kb6 Kc8 40. g4 fxg4 41. fxg4 Kb8 42. b5 cxb5 43. cxb5 axb5 44. Kxb5 Ka7 45. a5 Kb8 46. Kb6 Kc8 47. Kc5 Kc7 48. Kb5 Kc8 49. Kc4 Kc7 50. Kc5 Kb8 51. Kd6 Ka7 52. Ke6 Ka6 53. Kf6 g5 54. hxg5 hxg5 55. Kxg5 Kxa5 56. Kf4 b5 57. g5 b4 58. g6 b3 59. g7 b2 60. g8=Q b1=Q 61. Qa8+ Kb4 62. Qb8+ 1-0


[Site "https://www.chess.com"]

[Event "Titled Tuesday Blitz December 06 Late 2022"]
[White "Pein, Jonathan"]
[Black "Curtis, John"]
[WhiteFideId "417092"]
[BlackFideId "3200256"]
[WhiteElo "2225"]
[BlackElo "2203"]
[Result "1-0"]
[Round "08"]
[TimeControl "180+1"]
[Date "2022.12.07"]
[WhiteClock "0:00:10"]
[BlackClock "0:00:06"]

1. b3 d5 2. Bb2 Bf5 3. Nf3 e6 4. h3 h6 5. g4 Bh7 6. Bg2 Nf6 7. d3 c6 8. e3 Qa5+ 9. Nbd2 Ba3 10. Qc1 Bxb2 11. Qxb2 Nbd7 12. a4 Qc7 13. O-O O-O 14. Rfe1 Rfd8 15. Nf1 e5 16. Ng3 e4 17. dxe4 Nxe4 18. Nxe4 Bxe4 19. Rad1 Bxf3 20. Bxf3 Qe5 21. Qxe5 Nxe5 22. Be2 Nd7 23. Kg2 Kf8 24. Kf3 Ke7 25. e4 dxe4+ 26. Kxe4 Nf6+ 27. Kf3 Rxd1 28. Rxd1 g5 29. Bc4 a6 30. a5 Ne8 31. Re1+ Kf6 32. b4 Nd6 33. Bd3 Rc8 34. Rd1 Ke7 35. Re1+ Kf6 36. Rd1 Ke5 37. c3 c5 38. Re1+ Kf6 39. Rd1 cxb4 40. cxb4 Rc3 41. Ke2 Rb3 42. Rb1 Rxb1 43. Bxb1 Ke5 44. Ke3 f6 45. Ba2 Nb5 46. Bc4 Nd4 47. Kd3 Nf3 48. Kc3 Nd4 49. Bf1 1-0


[Site "https://www.chess.com"]

[Event "Titled Tuesday Blitz December 06 Late 2022"]
[White "Petrovic, Aleksa"]
[Black "Mladek, Richard"]
[WhiteFideId "967629"]
[BlackFideId "386588"]
[WhiteElo "2494"]
[BlackElo "2622"]
[Result "1-0"]
[Round "08"]
[TimeControl "180+1"]
[Date "2022.12.07"]
[WhiteClock "0:00:03"]
[BlackClock "0:00:04"]

1. d4 e5 2. dxe5 Bc5 3. Nf3 d6 4. Bg5 f6 5. exf6 Nxf6 6. e3 Nc6 7. Nc3 Be6 8. Bb5 Qd7 9. Bxf6 gxf6 10. Ne4 Qe7 11. Nxc5 dxc5 12. Bxc6+ bxc6 13. Qe2 Rg8 14. g3 Bd5 15. Rf1 c4 16. Nd4 Rb8 17. c3 c5 18. Nf5 Qe4 19. Nh4 Qe6 20. f3 Rb6 21. e4 Bc6 22. Nf5 Kd7 23. Ne3 Bb5 24. Rd1+ Kc6 25. Nd5 Rbb8 26. Nf4 Qe7 27. Rd5 Rg5 28. Kf2 h5 29. h4 Re5 30. Rfd1 Rg8 31. a4 Ba6 32. b3 Qf8 33. bxc4 Qg7 34. Rg1 Rb8 35. Qe3 Rb2+ 36. Ne2 Qf8 37. Rxe5 Bxc4 38. Rxc5+ Qxc5 39. Qxc5+ Kxc5 40. Re1 Ra2 41. Ke3 Rxa4 42. Nf4 Ra3 43. Nxh5 Rxc3+ 44. Kf4 a5 45. Nxf6 a4 46. h5 Rc2 47. g4 a3 48. h6 Rh2 49. h7 Bd3 50. Nh5 a2 51. h8=Q Bb1 52. Qe5+ Kb6 53. Qd4+ Kb7 54. Qb4+ Kc8 55. Qc3 Rc2 56. Qa1 Rc6 57. Nf6 Rc2 58. Nd5 Rf2 59. g5 c6 60. g6 Rg2 61. g7 cxd5 62. Qc3+ Kd7 63. exd5 Rg6 64. Qe5 Rg2 65. Qe7+ Kc8 66. Qf8+ Kb7 67. Re7+ Kb6 68. Qb8+ Kc5 69. Rc7+ Kd4 70. Qb4+ Kd3 71. Rc3+ Ke2 72. Qc4+ Kf2 73. Qd4+ Ke2 74. Qe3+ Kf1 75. Rc1# 1-0


[Site "https://www.chess.com"]

[Event "Titled Tuesday Blitz December 06 Late 2022"]
[White "Pham, Khoi"]
[Black "Sattarov, Bobir"]
[WhiteFideId "1054988"]
[BlackFideId "14203081"]
[WhiteElo "2504"]
[BlackElo "2694"]
[Result "1-0"]
[Round "08"]
[TimeControl "180+1"]
[Date "2022.12.07"]
[WhiteClock "0:00:57"]
[BlackClock "0:00:15"]

1. e4 e5 2. Nf3 Nc6 3. Nc3 Nf6 4. a3 d5 5. Bb5 d4 6. Ne2 Bd6 7. d3 Bd7 8. O-O O-O 9. Ng3 a6 10. Bc4 Na5 11. Ba2 c5 12. Nh4 b5 13. Nhf5 Bxf5 14. Nxf5 c4 15. Bg5 h6 16. Bh4 Kh7 17. Qf3 g5 18. Bg3 Bb8 19. b4 cxb3 20. cxb3 b4 21. Rac1 Qb6 22. h4 g4 23. Qe2 Rg8 24. Qd2 Nh5 25. axb4 Nb7 26. Ne7 Bd6 27. Rc6 Qb5 28. Nxg8 Rxg8 29. Rfc1 Rg6 30. Qc2 Bxb4 31. Rxg6 Kxg6 32. Qc6+ Bd6 33. Qxb5 axb5 34. Rc6 f6 35. Rb6 Nc5 36. Rxd6 Nxd3 37. Bb1 Nc5 38. Bxe5 Nxb3 39. Bxf6 Nd2 40. Bxd4+ Kf7 41. Bd3 Nf4 42. Bxb5 Nxe4 43. Rd7+ Ke6 44. Rh7 h5 45. Rh6+ Kf5 46. Be3 Nd5 47. Rxh5+ Ke6 48. Bc4 Nf6 49. Rh6 Kf5 50. Bxd5 Nxd5 51. Rh5+ Ke4 52. Rxd5 Kxd5 53. Kh2 Ke6 54. Kg3 Kf5 55. h5 Kf6 56. Kxg4 1-0


[Site "https://www.chess.com"]

[Event "Titled Tuesday Blitz December 06 Late 2022"]
[White "Polster, Christian"]
[Black "Vargas, Mauricio"]
[WhiteFideId "12965081"]
[BlackFideId "4404572"]
[WhiteElo "2195"]
[BlackElo "2025"]
[Result "1-0"]
[Round "08"]
[TimeControl "180+1"]
[Date "2022.12.07"]
[WhiteClock "0:00:57"]
[BlackClock "0:00:01"]

1. e4 c6 2. Nc3 d5 3. Nf3 dxe4 4. Nxe4 Nf6 5. Nxf6+ exf6 6. d4 Bd6 7. Bd3 O-O 8. O-O Re8 9. h3 Nd7 10. Re1 Nf8 11. Rxe8 Qxe8 12. c4 Be6 13. Be3 Rd8 14. Qc2 Bb8 15. b4 Qd7 16. Rb1 Qc7 17. a4 a6 18. b5 axb5 19. axb5 cxb5 20. Rxb5 g5 21. d5 Bd7 22. Bb6 Qc8 23. Rc5 Bc6 24. Bf5 Rd7 25. dxc6 bxc6 26. Ra5 Qe8 27. Bxd7 Qxd7 28. Ra8 1-0


[Site "https://www.chess.com"]

[Event "Titled Tuesday Blitz December 06 Late 2022"]
[White "Popilski, Gil"]
[Black "Omelja, Artem"]
[WhiteFideId "2809060"]
[BlackFideId "14119846"]
[WhiteElo "2537"]
[BlackElo "2404"]
[Result "1-0"]
[Round "08"]
[TimeControl "180+1"]
[Date "2022.12.06"]
[WhiteClock "0:00:12"]
[BlackClock "0:00:11"]

1. d4 Nf6 2. c4 e6 3. Nc3 d5 4. Bg5 c6 5. e3 Nbd7 6. Nf3 Qa5 7. Rc1 Ne4 8. Bh4 Bb4 9. Qb3 O-O 10. Bd3 Bxc3+ 11. bxc3 f5 12. cxd5 exd5 13. O-O Kh8 14. c4 Ndf6 15. cxd5 Nxd5 16. Rfe1 Qb6 17. Qa3 Be6 18. Ne5 Qc7 19. f3 Nef6 20. e4 fxe4 21. fxe4 Nf4 22. Bf1 Nd7 23. Nc4 Nf6 24. e5 Bxc4 25. exf6 Bxf1 26. Re7 Ne2+ 27. Kh1 Qf4 28. fxg7+ Kg8 29. gxf8=R+ Rxf8 30. Qb3+ Kh8 31. Qh3 Qxc1 32. Bf6+ Rxf6 33. Qxh7# 1-0


[Site "https://www.chess.com"]

[Event "Titled Tuesday Blitz December 06 Late 2022"]
[White "Przybylski, Wojciech"]
[Black "Sukandar, Irine Kharisma"]
[WhiteFideId "1117599"]
[BlackFideId "7101937"]
[WhiteElo "2217"]
[BlackElo "2301"]
[Result "0-1"]
[Round "08"]
[TimeControl "180+1"]
[Date "2022.12.07"]
[WhiteClock "0:00:58"]
[BlackClock "0:01:53"]

1. e4 e5 2. Nf3 d6 3. Bc4 Be7 4. c3 Nf6 5. Qb3 O-O 6. Ng5 d5 7. exd5 Qd6 8. O-O e4 9. Re1 Ng4 10. g3 Bxg5 11. Rxe4 Bf5 12. Re1 Qh6 13. h4 Bxh4 14. d3 Bg5 15. Qc2 Bxc1 16. Rxc1 Qh2+ 17. Kf1 Ne3+ 18. fxe3 Bh3+ 19. Ke1 Qg1+ 0-1


[Site "https://www.chess.com"]

[Event "Titled Tuesday Blitz December 06 Late 2022"]
[White "Pultinevicius, Paulius"]
[Black "Maghsoodloo, Parham"]
[WhiteFideId "12809390"]
[BlackFideId "12539929"]
[WhiteElo "2486"]
[BlackElo "2672"]
[Result "0-1"]
[Round "08"]
[TimeControl "180+1"]
[Date "2022.12.06"]
[WhiteClock "0:00:59"]
[BlackClock "0:00:56"]

1. b3 c5 2. Bb2 Nc6 3. c4 e5 4. e3 Nf6 5. Nc3 g6 6. Nf3 Bg7 7. Be2 O-O 8. O-O d5 9. cxd5 Nxd5 10. Nxd5 Qxd5 11. Rc1 Bf5 12. Bb5 Rac8 13. Qe2 e4 14. Bxg7 exf3 15. gxf3 Kxg7 16. e4 Bxe4 17. fxe4 Qg5+ 18. Kh1 Nd4 19. Qd3 Qf4 20. Bc4 Nf3 21. Kg2 Qg4+ 0-1


[Site "https://www.chess.com"]

[Event "Titled Tuesday Blitz December 06 Late 2022"]
[White "Putnam, Liam"]
[Black "Santos Flores, Alberto"]
[WhiteFideId "30938279"]
[BlackFideId "3601234"]
[WhiteElo "2721"]
[BlackElo "2519"]
[Result "0-1"]
[Round "08"]
[TimeControl "180+1"]
[Date "2022.12.07"]
[WhiteClock "0:00:06"]
[BlackClock "0:00:31"]

1. d4 d5 2. Nf3 Nf6 3. c4 c6 4. e3 Bf5 5. Nc3 e6 6. Be2 Nbd7 7. O-O h6 8. Bd3 Bxd3 9. Qxd3 Be7 10. e4 dxe4 11. Nxe4 O-O 12. b3 e5 13. dxe5 Nxe5 14. Nxe5 Qxd3 15. Nxd3 Nxe4 16. Bb2 Bf6 17. Bxf6 Nxf6 18. Rad1 Rfe8 19. f3 Re2 20. Rf2 Rxf2 21. Kxf2 Rd8 22. Ke2 Kf8 23. Re1 Re8+ 24. Kd2 Rxe1 25. Kxe1 Nd7 26. Ke2 Ke7 27. Ke3 Kd6 28. Kd4 f5 29. b4 b6 30. c5+ bxc5+ 31. bxc5+ Ke6 32. Nb4 Nb8 33. a4 g5 34. g3 Kf6 35. Nd3 Nd7 36. h3 Ke6 37. f4 g4 38. hxg4 fxg4 39. Nb4 Nb8 40. Ke4 h5 41. a5 Nd7 42. Nd3 Kf6 43. a6 Nb8 44. Nb4 Nd7 45. Kd4 Nb8 46. Ke3 Kf5 47. Kd4 h4 48. gxh4 Kxf4 49. Nd3+ Kf5 50. Nb4 g3 51. Ke3 Kg4 52. h5 g2 53. Kf2 Kxh5 54. Kxg2 Kg4 55. Kf2 Kf4 56. Ke2 Ke4 57. Kd2 Kd4 58. Kc2 Kxc5 59. Kc3 Kb5 60. Nc2 Nxa6 61. Nd4+ Kb6 62. Kc4 Nc7 63. Nb3 Nb5 64. Nc5 Nd6+ 65. Kd4 Kb5 66. Nd3 a5 67. Kc3 Ne4+ 68. Kb3 Nc5+ 0-1


[Site "https://www.chess.com"]

[Event "Titled Tuesday Blitz December 06 Late 2022"]
[White "Quesada Perez, Yuniesky"]
[Black "Kleiman, Jake"]
[WhiteFideId "3504409"]
[BlackFideId "2020041"]
[WhiteElo "2600"]
[BlackElo "2614"]
[Result "1-0"]
[Round "08"]
[TimeControl "180+1"]
[Date "2022.12.06"]
[WhiteClock "0:00:24"]
[BlackClock "0:00:04"]

1. e4 e5 2. Nf3 Nc6 3. Bc4 Bc5 4. c3 Nf6 5. d3 O-O 6. Nbd2 d5 7. exd5 Nxd5 8. Ne4 Be7 9. O-O Bg4 10. Re1 Nb6 11. Bb5 Bd6 12. h3 Bh5 13. Ng3 Bg6 14. h4 h6 15. h5 Bh7 16. Bxc6 bxc6 17. Nxe5 Bxe5 18. Rxe5 Qxd3 19. Qg4 Kh8 20. Bf4 Nd5 21. Rae1 Qc4 22. Ne2 Bd3 23. b3 Qa6 24. Nd4 Qxa2 25. Bc1 Bh7 26. c4 Nf6 27. Qf3 c5 28. Bxh6 cxd4 29. Bxg7+ Kxg7 30. h6+ Kxh6 31. Qxf6+ Bg6 32. R5e4 1-0


[Site "https://www.chess.com"]

[Event "Titled Tuesday Blitz December 06 Late 2022"]
[White "Quinones Garcia, Santiago"]
[Black "Urbina Perez, Juan Antonio"]
[WhiteFideId "4408497"]
[BlackFideId "2217368"]
[WhiteElo "2249"]
[BlackElo "2197"]
[Result "0-1"]
[Round "08"]
[TimeControl "180+1"]
[Date "2022.12.07"]
[WhiteClock "0:00:06"]
[BlackClock "0:00:16"]

1. d4 Nf6 2. c4 e6 3. Nc3 Bb4 4. Qc2 O-O 5. a3 Bxc3+ 6. Qxc3 d5 7. Nf3 c5 8. cxd5 cxd4 9. Qxd4 Nxd5 10. e4 Nc6 11. Qd1 Nf6 12. Qxd8 Rxd8 13. Bg5 h6 14. Bh4 b6 15. e5 g5 16. Nxg5 hxg5 17. Bxg5 Nd4 18. Rc1 Bb7 19. Bxf6 Rdc8 20. Rd1 Nf5 21. Bd3 Kf8 22. O-O Ne7 23. Rfe1 Nd5 24. Be4 Rc4 25. Re3 Nxe3 26. Bxb7 Nxd1 27. Bxa8 Nxb2 28. h4 Nd3 29. f3 Rc5 30. h5 Nxe5 31. h6 Kg8 32. Be4 Ng6 33. g4 Kh7 34. g5 Ra5 35. Bb2 Rxg5+ 36. Kf2 Rb5 37. Bg7 Rb3 38. a4 Ra3 39. f4 Rxa4 40. Kf3 Ra3+ 41. Kg4 Ra4 42. Kf3 b5 43. f5 exf5 44. Bxf5 Rf4+ 0-1


[Site "https://www.chess.com"]

[Event "Titled Tuesday Blitz December 06 Late 2022"]
[White "Renjith, Sravan"]
[Black "Slovineanu"]
[WhiteFideId "4306783"]
[WhiteElo "2072"]
[BlackElo "2274"]
[Result "1/2-1/2"]
[Round "08"]
[TimeControl "180+1"]
[Date "2022.12.07"]
[WhiteClock "0:00:48"]
[BlackClock "0:00:02"]

1. Nf3 d5 2. d4 Nf6 3. g3 e6 4. Bg2 b5 5. O-O Nbd7 6. a4 b4 7. c4 bxc3 8. bxc3 Ba6 9. Re1 Be7 10. Nbd2 c5 11. e4 dxe4 12. Nxe4 Nxe4 13. Rxe4 Bb7 14. Re1 cxd4 15. Nxd4 Bxg2 16. Kxg2 O-O 17. Nc6 Qe8 18. Nxe7+ Qxe7 19. Ba3 Nc5 20. Qf3 Rac8 21. Rad1 Rfd8 22. Re5 Rxd1 23. Qxd1 Qb7+ 24. f3 Nd7 25. Rb5 Qc6 26. Qd4 a6 27. Rg5 e5 28. Qg4 g6 29. Bb4 Nf6 30. Qh4 e4 31. Rc5 exf3+ 32. Kg1 Qb6 33. Qd4 Rxc5 34. Bxc5 Qb1+ 35. Kf2 Ne4+ 36. Kxf3 Qh1+ 37. Kf4 Nxc5 38. Qxc5 Qxh2 39. Qc8+ Kg7 40. Qxa6 Qf2+ 41. Ke4 Qxg3 42. Qd3 Qg2+ 43. Kd4 h5 44. Qe4 Qd2+ 45. Qd3 Qf4+ 46. Qe4 Qd2+ 47. Kc4 Qa2+ 48. Kb4 Qb2+ 49. Kc4 Qa2+ 50. Kb5 Qb3+ 51. Ka6 Qxc3 52. a5 Qc8+ 53. Kb6 Qd8+ 54. Kb5 h4 55. a6 h3 56. a7 Qd7+ 57. Ka6 Qc8+ 58. Kb6 Qd8+ 59. Ka6 Qd6+ 60. Kb5 Qd7+ 61. Kb6 Qd8+ 62. Kb5 Qd7+ 1/2-1/2


[Site "https://www.chess.com"]

[Event "Titled Tuesday Blitz December 06 Late 2022"]
[White "Rodriguez Santiago, Jaime"]
[Black "Baches Garcia, Guillermo"]
[WhiteFideId "3100898"]
[BlackFideId "2209764"]
[WhiteElo "2025"]
[BlackElo "2456"]
[Result "0-1"]
[Round "08"]
[TimeControl "180+1"]
[Date "2022.12.07"]
[WhiteClock "0:00:05"]
[BlackClock "0:00:26"]

1. c4 e5 2. Nc3 Nf6 3. g3 d5 4. cxd5 Nxd5 5. Bg2 Nb6 6. e3 Be7 7. Nge2 O-O 8. O-O c5 9. f4 Nc6 10. fxe5 Nxe5 11. Nf4 Bg4 12. Qc2 Qd7 13. b3 Rad8 14. h3 Bf5 15. e4 Be6 16. Ncd5 Nxd5 17. exd5 Bf5 18. Qc3 Bd6 19. Bb2 Rfe8 20. Rae1 Bg6 21. Kh1 b5 22. d4 b4 23. Qd2 cxd4 24. Qxd4 Rc8 25. Nxg6 hxg6 26. Rf2 f6 27. Ref1 Bc5 28. Qd1 Bxf2 29. Rxf2 Qd6 30. Bd4 Re7 31. Kh2 Rce8 32. Qg1 a5 33. Rf4 Nd7 34. Qc1 Re2 35. Qb1 g5 36. Rf1 Qxd5 37. Rf2 Qxd4 38. Rxe2 Rxe2 39. Qg6 Qe5 0-1


[Site "https://www.chess.com"]

[Event "Titled Tuesday Blitz December 06 Late 2022"]
[White "Romero Ruscalleda, Josep"]
[Black "Clawitter, Craig"]
[WhiteFideId "2231859"]
[BlackFideId "2023105"]
[WhiteElo "2183"]
[BlackElo "2202"]
[Result "1-0"]
[Round "08"]
[TimeControl "180+1"]
[Date "2022.12.07"]
[WhiteClock "0:00:12"]
[BlackClock "0:00:06"]

1. e4 e6 2. d4 d5 3. e5 c5 4. c3 Qb6 5. Bd3 Nc6 6. dxc5 Bxc5 7. Qe2 Nge7 8. Nf3 Ng6 9. O-O a5 10. h4 O-O 11. h5 Nh8 12. Nbd2 f6 13. Nb3 Be7 14. Be3 Qc7 15. Bd4 a4 16. Nbd2 fxe5 17. Bxe5 Nxe5 18. Nxe5 a3 19. Ndf3 axb2 20. Qxb2 Nf7 21. Nxf7 Rxf7 22. Qc2 e5 23. Bxh7+ Kh8 24. Bg6 Rf8 25. Rfe1 e4 26. Nd4 Qf4 27. Re3 Bd6 28. g3 Qg5 29. Kg2 Bg4 30. Rh1 Qh6 31. Rh4 Bd7 32. Qe2 Ra3 33. Nb5 Bxb5 34. Qxb5 Rxa2 35. Qb6 Rfxf2+ 36. Kg1 Rg2+ 37. Kf1 Bxg3 38. Qd8# 1-0


[Site "https://www.chess.com"]

[Event "Titled Tuesday Blitz December 06 Late 2022"]
[White "Rose, Felix"]
[Black "Papayan, Oleg"]
[WhiteFideId "5105722"]
[BlackFideId "4193911"]
[WhiteElo "2039"]
[BlackElo "2153"]
[Result "0-1"]
[Round "08"]
[TimeControl "180+1"]
[Date "2022.12.07"]
[WhiteClock "0:00:17"]
[BlackClock "0:00:29"]

1. e4 e5 2. Nf3 Nc6 3. Bb5 Nf6 4. O-O Nxe4 5. d4 Nd6 6. dxe5 Nxb5 7. a4 d6 8. axb5 Nxe5 9. Re1 Be7 10. Nxe5 dxe5 11. Qxd8+ Kxd8 12. Rxe5 Bd6 13. Re2 Bg4 14. f3 Bf5 15. Bg5+ f6 16. Be3 Re8 17. Kf2 Re5 18. Nc3 Bb4 19. Rd2+ Kc8 20. g4 Bg6 21. Rad1 b6 22. Rd8+ Kb7 23. Rxa8 Kxa8 24. Rd7 Bxc3 25. bxc3 Rxb5 26. Rxc7 a5 27. c4 Rb2 28. Kg3 a4 29. Bd4 Rxc2 30. Bxb6 Kb8 31. c5 a3 32. Ra7 a2 33. Ra6 Bf7 34. Ra3 Rc1 35. c6 a1=Q 36. c7+ Kb7 37. Rxa1 Rxa1 38. Bc5 Rc1 39. Bf8 g6 40. Bd6 Rxc7 41. Bxc7 Kxc7 42. h4 Kd6 43. Kf4 Kd5 44. g5 f5 45. h5 Kd4 46. hxg6 hxg6 47. Kg3 Ke3 48. Kg2 Bd5 49. Kg3 Bxf3 50. Kh4 Kf4 51. Kh3 Kxg5 52. Kg3 Bg4 53. Kg2 f4 54. Kf2 Kf5 55. Kg2 g5 56. Kf2 Bh5 57. Kg2 g4 58. Kh2 g3+ 59. Kh3 Bg4+ 60. Kg2 Kg5 61. Kh1 Kh4 62. Kg2 f3+ 63. Kg1 Kh3 64. Kh1 Bc8 65. Kg1 f2+ 66. Kf1 Ba6# 0-1


[Site "https://www.chess.com"]

[Event "Titled Tuesday Blitz December 06 Late 2022"]
[White "Rosen, Eric"]
[Black "Girsh, Daniel"]
[WhiteFideId "2032562"]
[BlackFideId "30949190"]
[WhiteElo "2362"]
[BlackElo "2075"]
[Result "1-0"]
[Round "08"]
[TimeControl "180+1"]
[Date "2022.12.07"]
[WhiteClock "0:00:26"]
[BlackClock "0:00:05"]

1. d4 Nf6 2. Bf4 g6 3. Nc3 d5 4. e3 Bg7 5. h4 h5 6. Nf3 O-O 7. Ne5 c5 8. dxc5 Qa5 9. Qd2 Qxc5 10. Na4 Qd6 11. Nxg6 Qd7 12. Nc5 Qe8 13. Nxf8 Bxf8 14. Be5 Ng4 15. Nd3 Nc6 16. Qc3 f6 17. Bg3 e5 18. O-O-O Bf5 19. Be2 Rc8 20. Qb3 Be6 21. Bxg4 hxg4 22. Qa4 b5 23. Qa6 Rb8 24. b4 Nxb4 25. Nxb4 Bxb4 26. e4 d4 27. Rxd4 Bc3 28. Rd6 Bf7 29. Rxf6 Rc8 30. Rd1 Qe7 31. Qxc8+ Kg7 32. Rxf7+ Qxf7 33. Qxc3 Qxa2 34. Qxe5+ Kf7 35. Rd7+ Kg8 36. Qe8# 1-0


[Site "https://www.chess.com"]

[Event "Titled Tuesday Blitz December 06 Late 2022"]
[White "Rosenthal, Nicholas"]
[Black "Bortnyk, Olexandr"]
[WhiteFideId "2045150"]
[BlackFideId "14120828"]
[WhiteElo "2182"]
[BlackElo "2723"]
[Result "1-0"]
[Round "08"]
[TimeControl "180+1"]
[Date "2022.12.06"]
[WhiteClock "0:00:08"]
[BlackClock "0:00:02"]

1. e4 Nf6 2. Nc3 d5 3. exd5 Nxd5 4. d4 Nxc3 5. bxc3 g6 6. Nf3 Bg7 7. Bc4 O-O 8. O-O c5 9. Rb1 Qc7 10. Qe2 cxd4 11. cxd4 Nc6 12. Be3 Bg4 13. Rfd1 Rac8 14. h3 Bxf3 15. Qxf3 a6 16. Bd5 b5 17. c4 bxc4 18. Bxc4 Nxd4 19. Bxd4 Qxc4 20. Bxg7 Kxg7 21. Rb7 e5 22. Rd6 Qxa2 23. Qf6+ Kg8 24. Rxa6 Qd5 25. Re7 e4 26. Rd6 Qc4 27. Kh2 Rce8 28. Rdd7 Qa2 29. h4 Rxe7 30. Rxe7 Qd5 31. g3 h5 32. Re5 Qd4 33. Qf4 f5 34. Re7 Rf7 35. Re8+ Kg7 36. Kg2 Qd5 37. Kg1 Qd1+ 38. Kg2 Qd5 39. Qb8 e3+ 40. Kh2 exf2 41. Rg8+ Kf6 42. Qb2+ Ke7 43. Qxf2 Qd6 44. Qe3+ Kd7 45. Qe8+ 1-0


[Site "https://www.chess.com"]

[Event "Titled Tuesday Blitz December 06 Late 2022"]
[White "Rustemov, Alexander"]
[Black "Martinez Reyes, Pedro Ramon"]
[WhiteFideId "4119002"]
[BlackFideId "3901807"]
[WhiteElo "2784"]
[BlackElo "2535"]
[Result "1-0"]
[Round "08"]
[TimeControl "180+1"]
[Date "2022.12.07"]
[WhiteClock "0:01:11"]
[BlackClock "0:00:33"]

1. d4 f5 2. g3 Nf6 3. Bg2 d5 4. Nf3 e6 5. Bf4 c6 6. O-O Bd6 7. Bxd6 Qxd6 8. c4 O-O 9. Nbd2 Bd7 10. Qb3 Qc7 11. Rac1 Be8 12. Ne5 Qe7 13. Ndf3 Bh5 14. Nd3 Ne4 15. Rc2 a5 16. a3 Na6 17. Rfc1 Nd6 18. Nfe5 g5 19. e3 Rfb8 20. Qb6 Qd8 21. Qxd8+ Rxd8 22. f4 gxf4 23. Nxf4 Bf7 24. c5 Ne8 25. g4 fxg4 26. Nxg4 Nac7 27. Rf2 Ng7 28. Nh6+ Kf8 29. Nxf7 Kxf7 30. Nxd5+ Kg6 31. Rf6+ Kg5 32. h4+ Kxh4 33. Nxc7 Rd7 34. Nxa8 1-0


[Site "https://www.chess.com"]